 Dungeon Crawl Stone Soup version 0.25-a0-667-gb977e01 (webtiles) character file.

Game seed: 9398322442505284261, levelgen mode: deterministic

145 Letos the Chiller (level 5, 0/35 HPs)
             Began as a Mummy Ice Elementalist on Mar 28, 2020.
             Slain by a white imp (2 damage)
             ... summoned by Natasha
             ... on level 3 of the Dungeon.
             The game lasted 00:06:32 (1888 turns).

Letos the Chiller (Mummy Ice Elementalist)          Turns: 1888, Time: 00:06:32

Health: 0/35       AC:  3    Str: 11    XL:     5   Next: 6%
Magic:  9/9        EV: 12    Int: 15    God:
Gold:   83         SH:  0    Dex: 13    Spells: 8/9 levels left

rFire    x . .     SeeInvis .   b - +0 spear
rCold    + . .     Gourm    .   (no shield)
rNeg     + + +     Faith    .   a - +0 robe
rPois    ∞         Spirit   .   (no helmet)
rElec    .         Reflect  .   (no cloak)
rCorr    .         Harm     .   d - +0 pair of gloves
MR       .....                  (no boots)
Stlth    ++........             (no amulet)
HPRegen  0.11/turn              (no ring)
MPRegen  0.11/turn              (no ring)

@: no status effects
A: no food or potions, fire vulnerability, cold resistance 1, negative energy
resistance 3, torment resistance, unbreathing
a: no special abilities


You were on level 3 of the Dungeon.
You were not hungry.

You visited 1 branch of the dungeon, and saw 3 of its levels.

You collected 83 gold pieces.

Inventory:

Hand Weapons
 b - a +0 spear (weapon)
Missiles
 g - 8 boomerangs (quivered)
Armour
 a - a +0 robe (worn)
 d - a +0 pair of gloves (worn)
Scrolls
 c - 2 scrolls of remove curse {unknown}
 e - a scroll of identify {unknown}
 f - a scroll of teleportation {unknown}


   Skills:
 - Level 1.5 Dodging
 - Level 1.5 Stealth
 - Level 2.6 Spellcasting
 + Level 5.3 Ice Magic


You had 8 spell levels left.
You knew the following spells:

 Your Spells              Type           Power        Failure   Level  Hunger
a - Freeze                Ice            ###.         2%          1    N/A

Your spell library contained the following spells:

 Spells                   Type           Power        Failure   Level  Hunger
 Frozen Ramparts          Ice            ###...       7%          3    N/A
 Ozocubu's Armour         Chrm/Ice       ##......     21%         3    N/A
 Hailstorm                Conj/Ice       ##......     56%         4    N/A
 Summon Ice Beast         Ice/Summ       ##......     56%         4    N/A

Dungeon Overview and Level Annotations

Branches:
Dungeon (3/15)

Altars:
Okawaru

Annotations:
D:3 Ijyb, Natasha, Robin


Innate Abilities, Weirdness & Mutations

You do not eat or drink.
Your flesh is vulnerable to fire.
You are immune to poison.
Your flesh is cold resistant. (rC+)
You are immune to negative energy. (rN+++)
You are immune to unholy pain and torment.
You can survive without breathing.


Message History

The magic dart hits you!
Natasha wildly gestures.
You feel disoriented.
Natasha casts a spell.
Natasha mumbles some strange words.
The white imp shouts, "Slither hence, thou cockered flap-mouthed shroud!"
The white imp gestures at you. The puff of frost hits you. You resist.
The white imp gestures at you. The puff of frost hits you. You resist.
The crimson imp blinks!
Natasha zaps a wand.
The puff of flame hits you! The fire burns you terribly!
The crimson imp blinks!
Natasha claws you but does no damage.
There is a stone staircase leading up here.
Okay, then.
The crimson imp blinks!
Natasha zaps a wand.
The puff of flame hits you! The fire burns you terribly!
* * * LOW HITPOINT WARNING * * *
The white imp hits you.
You die...

.##..........#
#.....##.
.##.#.♣.♣.#..#
########.
)##....(.....########
#.
.##...#.)##..#......#
#.
......##)....#......#
##
########.....'......#
####...##)....<#
#......#.......#
#....)....5@..##
#.........h...#
#.......§.....#
#.............#
#####..#'######
#.>... ##....# .....#
.....#


You could see Natasha and a white imp.

Vanquished Creatures
  Natasha (D:3)
  4 adders
  An ooze (D:3)
  A worm (D:2)
  A dart slug (D:2)
  A leopard gecko (D:1)
  7 orcs (D:3)
  6 giant cockroaches
  9 goblins
  5 hobgoblins
  3 jackals (D:3)
  6 bats
  8 frilled lizards
  8 kobolds
  6 rats
67 creatures vanquished.

Notes
Turn   | Place    | Note
-------+----------+-------------------------------------------
     0 | D:1      | Letos the Mummy Ice Elementalist began the quest for the
                  | Orb.
     0 | D:1      | Reached XP level 1. HP: 13/13 MP: 4/4
   177 | D:1      | Reached XP level 2. HP: 16/19 MP: 1/5
   538 | D:2      | Reached skill level 4 in Ice Magic
   655 | D:2      | Reached XP level 3. HP: 24/24 MP: 4/7
  1195 | D:3      | Found an iron altar of Okawaru.
  1207 | D:3      | Reached XP level 4. HP: 29/30 MP: 6/8
  1502 | D:3      | Reached skill level 5 in Ice Magic
  1542 | D:3      | Noticed Ijyb
  1542 | D:3      | Noticed Natasha
  1542 | D:3      | Noticed Robin
  1560 | D:3      | Killed Natasha
  1569 | D:3      | Reached XP level 5. HP: 20/35 MP: 0/9
  1879 | D:3      | Noticed Natasha
  1888 | D:3      | Slain by a white imp

Levels and vault maps discovered:
D:1:      dpeg_arrival_solitude, layout_basic
D:2:      layout_basic, minivault_27, moated_statue
D:3:      layout_basic, okawaru_trees_1, first_ration, uniq_ijyb, uniq_natasha,
          uniq_robin

Skill      XL: |  1  2  3  4 |
---------------+-------------+-----
Ice Magic      | 4 5 |  5.3
Dodging        | |  1.5
Stealth        | |  1.5
Spellcasting   | |  2.6

Action                   |  1- 3 |  4- 6 || total
-------------------------+-------+-------++-------
Melee: Spear             |    50 |    55 ||   105
Throw: Boomerang         |       |    15 ||    15
 Cast: Freeze            |    40 |    29 ||    69
 Stab: Sleeping          |     4 |       ||     4
Armor: Robe              |    14 |    16 ||    30
Dodge: Dodged            |    31 |    40 ||    71

Table legend:
 A = Non-vault XP
 B = Vault XP
 C = Vault XP percentage of total XP
 D = Non-vault monster count
 E = Vault monster count
 F = Vault count percentage of total count
                 A         B        C        D         E       F
            +---------+---------+-------+---------+---------+-------
      Total |     161 |      47 |  22.6 |      60 |       7 |  10.4
            +---------+---------+-------+---------+---------+-------
        D:1 |      22 |       0 |   0.0 |      15 |       0 |   0.0
        D:2 |      72 |       0 |   0.0 |      21 |       0 |   0.0
        D:3 |      67 |      47 |  41.2 |      24 |       7 |  22.6
            +---------+---------+-------+---------+---------+-------
